 Dungeon Crawl Stone Soup version 0.23-a0-208-gb6b040f (webtiles) character file.

1330 grindst0ne the Skirmisher (level 8, -4/65 HPs)
             Began as a Mummy Fighter on Sept 25, 2018.
             Was an Initiate of Gozag.
             Slain by an orc warrior
             ... wielding a +0 dire flail
              (9 damage)
             ... on level 6 of the Dungeon.
             The game lasted 00:08:14 (5699 turns).

grindst0ne the Skirmisher (Mummy Fighter)           Turns: 5699, Time: 00:08:15

Health: -4/65      AC: 13    Str: 21    XL:     8   Next: 34%
Magic:  8/8        EV:  7    Int:  7    God:    Gozag
Gold:   248        SH:  6    Dex: 17    Spells: 7/7 levels left

rFire    x . .     SeeInvis .   a - +0 war axe
rCold    + . .     Gourm    +   i - +0 buckler
rNeg     + + +     Faith    .   e - +0 chain mail
rPois    ∞         Spirit   .   r - +1 helmet
rElec    .         Reflect  .   h - +0 cloak
rCorr    .         Harm     .   (no gloves)
MR       ++...                  l - +0 pair of boots
Stlth    ..........             p - amulet of the gourmand
HPRegen  0.20/turn              m - ring of protection from magic
MPRegen  0.11/turn              k - +5 ring of dexterity

@: no status effects
A: no food or potions, fire vulnerability, cold resistance 1, negative energy
resistance 3, torment resistance, unbreathing
a: Potion Petition, Call Merchant, Bribe Branch, Renounce Religion


You were on level 6 of the Dungeon.
You worshipped Gozag.
Gozag was aware of your devotion.
You were not hungry.

You visited 2 branches of the dungeon, and saw 7 of its levels.

You collected 494 gold pieces.
You spent 182 gold pieces at shops.
You paid 64 gold pieces to Gozag.

Inventory:

Hand Weapons
 a - a +0 war axe (weapon)
Missiles
 o - a throwing net (quivered)
Armour
 c - a +0 shield
 e - a +0 chain mail (worn)
 f - a scarf of cloud immunity
 h - a +0 cloak (worn)
 i - a +0 buckler (worn)
 l - a +0 pair of boots (worn)
 r - a +1 helmet (worn)
Jewellery
 k - a +5 ring of dexterity (right hand)
 m - a ring of protection from magic (left hand)
 p - an amulet of the gourmand (around neck)
Scrolls
 b - a scroll of teleportation
 d - a scroll of enchant weapon
 g - a scroll of blinking
 j - a scroll of enchant armour
 n - 3 scrolls of remove curse
 q - a scroll of magic mapping


   Skills:
 + Level 6.6 Fighting
 + Level 5.1 Axes
 - Level 2.4 Armour
 + Level 5.4 Shields


You had 7 spell levels left.
You didn't know any spells.
Your spell library was empty.

Dungeon Overview and Level Annotations

Branches:
Dungeon (6/15)             Temple (1/1) D:4

Altars:
Ashenzari
Gozag
Kikubaaqudgha
Nemelex Xobeh
Okawaru
Qazlal
Sif Muna
Wu Jian
Yredelemnul
Zin
The Shining One

Shops:
D:4 (   D:6 (

Annotations:
D:4 exclusion: downstairs


Innate Abilities, Weirdness & Mutations

You do not eat or drink.
Your flesh is vulnerable to fire.
You are immune to poison.
Your flesh is cold resistant. (rC+)
You are immune to negative energy. (rN+++)
You are immune to unholy pain and torment.
You can survive without breathing.


Message History

You block the orc warrior's attack.
You closely miss the orc warrior.
The orc warrior is lightly wounded.
The orc warrior hits you with a dire flail!
Your chain mail prevents you from hitting the orc warrior.
The orc warrior is lightly wounded.
The orc warrior hits you with a dire flail!
You hit the orc warrior.
The orc warrior is moderately wounded.
The orc warrior barely misses you.
You closely miss the orc warrior.
The orc warrior is moderately wounded.
You block the orc warrior's attack.
You hit the orc warrior but do no damage.
The orc warrior is moderately wounded.
The orc warrior hits you with a dire flail!!
* * * LOW HITPOINT WARNING * * *
The orc warrior hits you with a dire flail!
You die...
Your body crumbles into a pile of gold.

##.## ##...## #.#.#.##
.##.##.########
###.###.#.....##
...............#
.##.##..#.###..# #
.##.##.##.###..###.#..##
..#.#..........$@oo.....
.#...####.####.###|##.##
.##.. ...# #.# ..
########### #<# ## #.#
#.# #.# #.#


You could see an orc warrior and an orc wizard.

Vanquished Creatures
  Edmund (D:5)
  2 sky beasts
  3 phantoms
  2 ogres
  A bullfrog (D:6)
  A crimson imp (D:6)
  A bullfrog skeleton (D:4)
  A centaur skeleton (D:4)
  An orc priest (D:4)
  3 orc wizards
  3 worker ants (D:5)
  A killer bee zombie (D:6)
  3 gnolls (D:6)
  11 adders
  2 adder zombies (D:5)
  5 worms
  3 dart slugs (D:1)
  2 leopard geckos
  11 orcs
  5 giant cockroaches
  4 goblins
  8 hobgoblins
  14 jackals
  A quokka (D:4)
  A ball python (D:1)
  5 bats
  4 frilled lizards
  7 kobolds
  3 rats (D:1)
109 creatures vanquished.

Notes
Turn   | Place    | Note
-------+----------+-------------------------------------------
     0 | D:1      | grindst0ne the Mummy Fighter began the quest for the Orb.
     0 | D:1      | Reached XP level 1. HP: 18/18 MP: 1/1
   353 | D:1      | Reached XP level 2. HP: 20/24 MP: 2/2
   870 | D:1      | Reached XP level 3. HP: 12/29 MP: 3/3
  1104 | D:2      | Found an ornate altar of the Wu Jian Council.
  1390 | D:2      | Reached XP level 4. HP: 37/37 MP: 4/4
  1653 | D:3      | Reached skill level 4 in Fighting
  1778 | D:3      | Reached XP level 5. HP: 39/42 MP: 5/5
  2849 | D:4      | Noticed a phantom
  2895 | D:4      | Killed a phantom
  2895 | D:4      | Reached XP level 6. HP: 39/49 MP: 6/6
  3116 | D:4      | Reached skill level 5 in Fighting
  3209 | D:4      | Found a staircase to the Ecumenical Temple.
  3354 | Temple   | Entered the Ecumenical Temple
  3423 | Temple   | Became a worshipper of Gozag Ym Sagoz the Greedy
  3617 | D:4      | Reached XP level 7. HP: 23/56 MP: 7/7
  3947 | D:4      | Found Qapluarr's Weapon Shoppe.
  4072 | D:5      | Entered Level 5 of the Dungeon
  4452 | D:5      | Found an ancient bone altar of Kikubaaqudgha.
  4671 | D:5      | Identified the +2 robe of Yredelemnul's Outrage {Stlth+}
                  | (You found it on level 5 of the Dungeon)
  4739 | D:5      | Found a glowing silver altar of Zin.
  5014 | D:5      | Reached skill level 6 in Fighting
  5014 | D:5      | Reached skill level 5 in Shields
  5081 | D:5      | Found a sparkling altar of Nemelex Xobeh.
  5139 | D:5      | Noticed Edmund
  5147 | D:5      | Killed Edmund
  5147 | D:5      | Reached XP level 8. HP: 40/64 MP: 8/8
  5470 | D:6      | Found Agoyrutenni's Antique Weapon Shoppe.
  5504 | D:6      | Found an iron altar of Okawaru.
  5506 | D:6      | Bought a runed broad axe for 182 gold pieces
  5549 | D:6      | Reached skill level 5 in Axes
  5699 | D:6      | Slain by an orc warrior

Vault maps used:
D:1:      minmay_arrival_split_and_join
D:2:      lemuel_crystal_altar
D:4:      minmay_temple_entry_butterflies, serial_shops, shop,
          minmay_misc_feat_columns
D:5:      lemuel_crystal_altar, old_standard_altar, basic_altar, first_ration,
          kennysheep_big_empty_room, uniq_edmund
D:6:      cheibrodos_two_vegetables, okawaru_gym_becter, serial_shops, shop,
          hangedman_decor_push
Temple:   regret_index_temple_generic_petals

Skill      XL: |  1  2  3  4  5  6  7  8 |
---------------+-------------------------+-----
Axes           | 2 3 4 5 |  5.1
Shields        | 3 4 5 |  5.4
Fighting       | 4 5 6 |  6.6
Armour         | |  2.4

Action                   |  1- 3 |  4- 6 |  7- 9 || total
-------------------------+-------+-------+-------++-------
Melee: War axe           |   107 |   209 |   155 ||   471
  Use: Scroll            |     5 |     3 |     3 ||    11
Armor: Chain mail        |    79 |   179 |    90 ||   348
Dodge: Dodged            |    43 |    90 |    44 ||   177
Block: Shield            |    29 |       |       ||    29
       Buckler           |     3 |    63 |    38 ||   104

Table legend:
 A = Non-vault XP
 B = Vault XP
 C = Vault XP percentage of total XP
 D = Non-vault monster count
 E = Vault monster count
 F = Vault count percentage of total count
                 A         B        C        D         E       F
            +---------+---------+-------+---------+---------+-------
      Total |    1736 |     164 |   8.6 |     108 |       1 |   0.9
            +---------+---------+-------+---------+---------+-------
        D:1 |      48 |       0 |   0.0 |      18 |       0 |   0.0
        D:2 |      74 |       0 |   0.0 |      19 |       0 |   0.0
        D:3 |     132 |       0 |   0.0 |      29 |       0 |   0.0
        D:4 |     607 |       0 |   0.0 |      18 |       0 |   0.0
        D:5 |     532 |     164 |  23.6 |      14 |       1 |   6.7
        D:6 |     343 |       0 |   0.0 |      10 |       0 |   0.0
            +---------+---------+-------+---------+---------+-------
